Map: King Sejong Station LE

Players

viOLet

  • Race: Zerg Zerg

uThermal - Winner!

  • Race: Terran Terran

Event: IEM Season 11 - Shanghai

VOD

https://www.youtube.com/watch?v=jk17dXD-gH0

Description

Time

  • Played on: July 29, 2016, 11:58 a.m.
  • Length: 11:53

All games in this series

Show
View Real Time Build Order
Export as new Build Order

viOLet Zerg 

Build Orders: Hatch First 

Get SALT Encoding   

  12  0:00  Drone  
  13  0:12  Overlord  
  13  0:17  Drone  
  14  0:30  Drone x2  
  14  0:35  Drone  
  17  0:52  Hatchery  
  17  0:56  Drone  
  17  0:59  Drone  
  18  1:10  Extractor  
  17  1:14  Spawning Pool  
  17  1:18  Drone  
  17  1:21  Drone  
  18  1:31  Drone  
  19  1:42  Overlord  
  19  1:54  Drone  
  20  2:01  Queen  
  20  2:03  Queen  
  20  2:04  Zergling x4  
  26  2:12  Drone  
  26  2:13  Metabolic Boost  
  27  2:18  Drone  
  28  2:31  Drone x2  
  28  2:36  Queen  
  30  2:40  Queen  
  34  2:45  Overlord  
  34  2:56  Drone x2  
  36  2:58  Overlord  
  36  3:04  Drone x3  
  39  3:09  Drone  
  39  3:11  Drone  
  39  3:12  Drone x3  
  44  3:18  Drone x2  
  46  3:25  Drone x2  
  48  3:36  Overlord  
  48  3:38  Hatchery  
  47  3:44  Zergling x2  
  47  3:45  Zergling x8  
  52  3:49  Extractor  
  52  3:53  Extractor, Queen  
  52  3:55  Overlord  
  52  4:00  Drone x2  
  55  4:05  Drone x3  
  58  4:11  Drone  
  59  4:18  Roach Warren  
  59  4:21  Drone x3  
  59  4:22  Evolution Chamber  
  59  4:23  Zergling x6  
  63  4:29  Drone x2  
  62  4:32  Queen  
  64  4:39  Baneling Nest  
  64  4:40  Evolution Chamber  
  64  4:45  Zergling x6  
  65  4:46  Zergling x2  
  65  4:51  Zerg Ground Armor Level 1, Pneumatized Carapace  
  65  4:52  Zergling x4  
  69  4:57  Zergling x2  
  70  5:04  Zergling x6  
  73  5:12  Zergling x2  
  71  5:16  Overlord, Zergling x2  
  71  5:17  Overlord  
  71  5:20  Zergling x4  
  67  5:25  Zergling x2  
  57  5:29  Zergling x12  
  57  5:32  Queen  
  57  5:33  Zergling x2  
  61  5:35  Queen  
  61  5:39  Zergling x2  
  61  5:41  Zergling x8  
  66  5:43  Baneling  
  66  5:44  Baneling x3  
  64  5:53  Zerg Melee Weapons Level 1  
  64  5:57  Hatchery  
  63  6:04  Drone  
  63  6:05  Drone x6  
  70  6:11  Queen x2  
  70  6:16  Overlord  
  74  6:24  Baneling x5  
  74  6:26  Zergling x2  
  74  6:27  Zergling x6  
  78  6:38  Zergling x8  
  78  6:39  Zergling x2  
  83  6:40  Baneling  
  83  6:41  Baneling x4  
  83  6:47  Queen  
  83  6:53  Zergling x8  
  89  6:54  Baneling  
  89  7:06  Zergling x2  
  87  7:10  Zergling x2  
  87  7:12  Zergling x2  
  87  7:15  Zergling x14  
  75  7:21  Queen  
  75  7:22  Zergling x2  
  76  7:23  Zergling x2  
  73  7:30  Baneling x4  
  73  7:32  Zergling x6  
  73  7:34  Zergling x2  
  77  7:39  Zergling x2  
  77  7:43  Zergling x12  
  77  7:44  Queen, Zergling x2  
  83  7:55  Zergling x6  
  81  8:00  Lair  
  82  8:05  Zergling x6  
  82  8:06  Zergling x4  
  82  8:12  Drone, Hatchery  
  87  8:13  Drone x2  
  84  8:22  Queen  
  76  8:34  Overlord x2  
  76  8:36  Drone x3  
  76  8:37  Drone x4  
  83  8:48  Baneling, Zergling x18  
  88  8:49  Baneling x2  
  88  8:50  Baneling x3  
  88  9:02  Zergling x2  
  89  9:03  Baneling x3  
  89  9:05  Zergling x2  
  85  9:11  Zergling x6  
  85  9:12  Zergling x6  
  85  9:15  Spore Crawler  
  90  9:19  Spore Crawler  
  90  9:24  Zergling x12  
  90  9:28  Zerg Ground Armor Level 2  
  90  9:42  Zergling x8  
  92  9:52  Zergling x14  
  89  9:53  Zergling x2  
  90  10:01  Zergling x6  
  90  10:06  Zergling x4  
  90  10:07  Zergling x2  
  95  10:14  Zergling x8  
  95  10:15  Baneling  
  95  10:16  Baneling x6  
  95  10:18  Hatchery  
  98  10:27  Zergling x2  
  98  10:28  Zergling x6  
  83  10:44  Zergling x2  
  83  10:45  Zergling x16  
  82  10:54  Zergling x4  
  82  10:55  Zergling x4  
  85  11:06  Drone  
  85  11:07  Baneling, Drone x2  
  85  11:08  Baneling x3  
  85  11:09  Baneling  
  85  11:10  Drone  
  89  11:32  Zergling x12  
  89  11:46  Spawning Pool  
Show
View Real Time Build Order
Export as new Build Order

uThermal Terran - Winner!

Build Orders: Reaper Expand, MMM Bio 

Get SALT Encoding   

  12  0:01  SCV  
  13  0:13  SCV  
  14  0:18  Supply Depot  
  14  0:25  SCV  
  15  0:39  SCV  
  15  0:40  Barracks  
  16  0:44  Refinery  
  16  0:51  SCV  
  17  1:03  SCV  
  18  1:15  SCV  
  19  1:28  Reaper, Orbital Command  
  20  1:41  Command Center  
  20  1:51  Barracks  
  20  1:55  SCV  
  20  2:00  Barracks Reactor  
  21  2:07  SCV  
  22  2:09  Supply Depot  
  22  2:16  Refinery  
  22  2:19  SCV  
  23  2:25  Factory  
  23  2:31  SCV  
  23  2:36  Marine  
  23  2:37  Marine  
  25  2:41  Barracks Tech Lab  
  25  2:43  SCV  
  27  2:54  Orbital Command  
  27  2:55  SCV  
  27  2:56  Marine x2  
  30  3:04  Stimpack  
  30  3:14  Marine x2  
  30  3:15  Starport  
  32  3:22  SCV x2  
  32  3:23  Factory Reactor  
  32  3:24  Marine  
  35  3:32  Supply Depot, Marine  
  35  3:33  Marine  
  37  3:37  SCV x2  
  39  3:45  Supply Depot, Marine  
  40  3:49  Marine, SCV  
  40  3:51  Marine  
  40  3:53  SCV  
  44  4:01  SCV  
  45  4:04  Medivac x2  
  45  4:05  Factory Tech Lab  
  45  4:06  SCV  
  45  4:08  Marine  
  45  4:09  Marine  
  50  4:12  Marine  
  50  4:15  Supply Depot  
  52  4:21  Engineering Bay  
  52  4:27  Marine x2  
  52  4:28  SCV  
  52  4:29  Supply Depot  
  55  4:32  Refinery  
  55  4:37  Siege Tank  
  58  4:39  SCV  
  58  4:41  Marine, SCV  
  61  4:51  SCV  
  61  4:52  Marine x2  
  64  4:53  SCV  
  64  4:59  Marine  
  66  5:03  SCV  
  66  5:05  Combat Shields, SCV  
  68  5:09  Siege Tank  
  68  5:10  Marine x2  
  73  5:15  SCV  
  73  5:17  SCV  
  72  5:27  SCV  
  71  5:29  SCV  
  71  5:35  Marine  
  71  5:36  Marine x2  
  71  5:39  SCV  
  71  5:41  Siege Tank, SCV  
  78  5:47  Medivac  
  78  5:48  Command Center  
  78  5:52  Supply Depot  
  78  5:53  Refinery  
  78  5:54  Medivac  
  78  5:55  SCV x2  
  82  5:57  Supply Depot, Marine  
  82  6:03  Supply Depot, Marine  
  84  6:05  Marine  
  84  6:07  SCV  
  86  6:13  Engineering Bay  
  86  6:14  SCV  
  86  6:17  Marine  
  88  6:21  Terran Infantry Weapons Level 1, Marine  
  88  6:22  Barracks  
  88  6:23  Marine  
  90  6:31  SCV  
  90  6:32  Liberator  
  91  6:34  Siege Tank  
  91  6:35  Marine  
  91  6:39  Liberator, Marine  
  96  6:43  Terran Infantry Armor Level 1  
  96  6:49  Barracks  
  96  6:50  Barracks  
  99  6:58  Marine  
  99  7:00  Marine, Marauder  
  97  7:18  Marine x2  
  97  7:21  Marauder  
  99  7:29  SCV  
  100  7:32  Medivac  
  100  7:33  Barracks Reactor  
  100  7:34  SCV  
  100  7:36  Marine x2  
  103  7:39  Medivac  
  103  7:42  SCV  
  103  7:43  Marauder  
  109  7:46  Barracks Reactor  
  109  7:47  SCV  
  109  7:50  Armory  
  103  7:54  Marine, SCV  
  103  7:56  Barracks Reactor  
  93  7:59  Barracks, SCV  
  93  8:00  Orbital Command  
  93  8:02  Barracks  
  93  8:04  Marine, Marauder  
  93  8:06  SCV  
  93  8:11  Marine, SCV  
  93  8:12  Siege Tank  
  99  8:14  Bunker, Marine x2  
  99  8:15  Supply Depot  
  99  8:18  SCV  
  102  8:22  Marine  
  102  8:23  Marine  
  102  8:24  Marine  
  102  8:25  Marine, SCV  
  107  8:29  Marine  
  107  8:31  Medivac  
  107  8:32  Bunker, Marine  
  112  8:37  Marine  
  113  8:42  Terran Infantry Weapons Level 2  
  113  8:45  Supply Depot  
  113  8:46  Terran Infantry Armor Level 2, Refinery x2  
  108  8:49  Marine x2  
  110  8:55  Marine  
  110  8:56  Marine x2  
  110  8:59  SCV x2  
  110  9:00  Medivac  
  116  9:10  Medivac  
  116  9:13  Marine x2  
  116  9:14  Marauder  
  122  9:17  Marine x2  
  122  9:18  Marine x3  
  122  9:20  Barracks Tech Lab x2, Marine  
  128  9:26  Supply Depot  
  128  9:28  Supply Depot  
  128  9:31  Marine x2  
  128  9:35  Marine x3  
  128  9:36  Marine  
  134  9:43  Medivac  
  134  9:44  Medivac  
  138  9:52  Marine x2  
  130  9:53  Marauder x2  
  130  9:54  Marine x2  
  130  9:56  Marine x3, Marauder  
  137  10:02  Marine  
  137  10:06  Siege Tank  
  141  10:10  Marine  
  141  10:14  Marine x2, Marauder x2  
  142  10:18  Marauder  
  142  10:20  Marine x2  
  148  10:23  Marine  
  148  10:25  Marine  
  149  10:30  Medivac  
  149  10:34  Marine x2  
  147  10:35  Marauder x2  
  147  10:36  Marine  
  147  10:39  Marauder  
  143  10:47  Marine x2  
  125  10:51  Marine  
  125  10:52  Siege Tank  
  125  10:54  Marine  
  125  10:55  Marine  
  131  10:57  Marine, Marauder x2  
  131  10:58  Marine  
  131  10:59  Marine  
  131  11:01  Marine  
  135  11:05  Marine  
  135  11:08  Marine x2  
  138  11:12  Marine  
  138  11:16  Marine  
  138  11:18  Marauder x2  
  144  11:25  Marine  
  147  11:26  Marauder  
  147  11:28  Marine  
  147  11:29  Marine x2  
  147  11:31  Marine x2  
  155  11:34  Marine  
  154  11:49  Bunker  

Tags
 
Add a new tag
Caveats
  • Supply blocks, unpowered buildings, or Contaminate may cause inaccurate times.
  • Supply counts are checked every 10 seconds.